cohdb
Replays
Latest Replays
All Replays
Popular Replays
Top Player Replays
Match Explorer
How It Works
Community
CoH3 Stats
Reddit
Sign in to upload your games and track your stats! →
Sign in with Steam
Match 41541673
Unlisted
Match 41541673
Overview
Messages
Build Orders
End
Construct Weapon Support Center
Construct Barracks
Riflemen Squad
Riflemen Squad
M1 Mortar Team
M1 Mortar Team
Scout Squad
Construct Medical Station
Mechanized Support Center
Hydra7-1
2nd "PrabowoTower" Pz.Div
WayTooTicklish
[LWR]FEAR
0
0
Comments
sign in to comment!
No comments posted yet!